 Dungeon Crawl Stone Soup version 0.31-a0-229-g1fc7ce93e2 (webtiles) character file.

Game seed: 7661111048007425217

12177 Drazool the Fighter (level 12, -7/101 HPs)
             Began as a Djinni Fire Elementalist on June 30, 2023.
             Was an Elder of Ashenzari.
             Mangled by a salamander
             ... wielding a +0 halberd
              (17 damage)
             ... in a volcano on July 6, 2023.
             The game lasted 00:37:47 (11465 turns).

Drazool the Fighter (Djinni Fire Elementalist)     Turns: 11465, Time: 00:37:48

Health: -7/101     AC:  7    Str:  7    XL:     12   Next: 17%
Gold:   675        EV: 12    Int: 21    God:    Ashenzari [****..] SH:  0 Dex: 21

rFire   + + .        i - staff of Ashenzari's Omen (curse) {rC+ Ice, !a, Fort, Bglg} (curse)
rCold   + . .        (no shield)
rNeg    + . .        m - +0 leather armour "Restrained With Me" {rC+, Self, Elem} (curse)
rPois   ∞            x - +1 helmet "Overhang to Understand" {Elem, Range} (curse)
rElec   .            (no cloak)
rCorr   .            g - +1 pair of gloves of the Ensconced Sage {Bglg, Self} (curse)
SInv    +            (boots unavailable)
Will    +....        (no amulet)
Stlth   ++           N - ring "Revealing Omen" {rN+, Range, Bglg} (curse)
HPRegen 0.36/turn    D - ring of Ashenzari's Blue Moon {Dex+6, Elem, Fort} (curse)
MPRegen 0.00/turn

%: clarity, infuse magic (-8 HP)
@: flying
A: sickness immunity, fire resistance 2, cold vulnerability 1, float, innate
caster, HP casting, extra vitality 1
a: Renounce Religion, Curse Item, Shatter the Chains


You were in a volcano.
You worshipped Ashenzari.
Ashenzari was greatly pleased with you.
You visited 3 branches of the dungeon, and saw 12 of its levels.
You also visited: Sewer, Bailey and Volcano.

You collected 675 gold pieces.


Innate Abilities, Weirdness & Mutations

You are immune to sickness and miasma.
You are immune to poison.
Your flesh is very heat resistant. (rF++)
You are vulnerable to cold. (rC-)
You float through the air rather than walking.
You learn spells naturally, not from books.
Your magical power is your life essence.
You have superior vitality. (+4 MHP)


   Skills:
 - Level 12.0(14.6) Fighting
 - Level 2.1 Dodging
 - Level 1.5 Stealth
 * Level 11.2(13.8) Spellcasting
 * Level 11.2(14.7) Conjurations
 * Level 11.2(14.7) Hexes
 * Level 11.2 Summonings
 * Level 11.2 Necromancy
 * Level 11.2(14.7) Translocations
 * Level 11.2 Transmutations
 * Level 11.2(14.7) Fire Magic
 * Level 11.2(14.7) Ice Magic
 * Level 11.2(14.7) Air Magic
 * Level 11.2(14.7) Earth Magic
 * Level 11.2 Poison Magic


You knew the following spells:

 Your Spells              Type           Power      Damage    Failure   Level
a - Hailstorm             Conj/Ice       86%        3d17      1%          3
d - Dazzling Flash        Conj/Hex       100%       N/A       1%          3
e - Animate Dead          Necr           57%        N/A       1%          4
f - Foxfire               Conj/Fire      100%       2x1d9     0%          1
r - Inner Flame           Hex/Fire       67%        N/A       1%          3
s - Slow                  Hex            100%       N/A       0%          1
y - Searing Ray           Conj           100%       2d8       1%          2
X - Scorch                Fire           100%       2d9       1%          2
Y - Volatile Blastmotes   Fire/Tloc      100%       2d18      1%          3
Z - Flame Wave            Conj/Fire      67%        2d15      1%          4
Your spell library was empty.

Inventory:

Hand Weapons
 n - a +1 flail of holy wrath
Missiles
 p - 7 throwing nets {=f}
Armour
 g - the cursed +1 pair of gloves of the Ensconced Sage (worn) {Bglg, Self}
   (You found it on level 2 of the Dungeon)

   It has a curse which improves the following skills: Beguiling: Conjurations,
   Hexes and Translocations.
   Introspection: Fighting and Spellcasting.
 m - the cursed +0 leather armour "Restrained With Me" (worn) {rC+, Self, Elem}
   (You found it on level 6 of the Dungeon)

   It has a curse which improves the following skills: Introspection: Fighting
   and Spellcasting.
   Elements:  Fire Magic, Ice Magic, Air Magic and Earth Magic.
 x - the cursed +1 helmet "Overhang to Understand" (worn) {Elem, Range}
   (You found it on level 6 of the Dungeon)

   It has a curse which improves the following skills: Elements: Fire Magic, Ice
   Magic, Air Magic and Earth Magic.
   Ranged Combat: Ranged Weapons and Throwing.
Magical Staves
 i - the cursed staff of Ashenzari's Omen (weapon) {rC+ Ice, !a, Fort, Bglg}
   (You found it on level 2 of the Dungeon)

   [staff of cold]

   Base accuracy: +5 Base damage: 5 Base attack delay: 1.2 This weapon's minimum
   attack delay (0.6) is reached at skill level 12.
   rC:        It protects you from cold.
   Ice:       It increases the power of your Ice spells.
   It falls into the 'Staves' category.
   It is a one-handed weapon.
   It has a curse which improves the following skills: Fortitude: Armour and
   Shields.
   Beguiling: Conjurations, Hexes and Translocations.
Jewellery
 C - a ring of protection from cold
 D - the cursed ring of Ashenzari's Blue Moon (right hand) {Dex+6, Elem, Fort}
   (You took it off a gnoll on level 6 of the Dungeon)

   [ring of dexterity]

   Dex:       It affects your dexterity (+6).
   It has a curse which improves the following skills: Elements: Fire Magic, Ice
   Magic, Air Magic and Earth Magic.
   Fortitude: Armour and Shields.
 N - the cursed ring "Revealing Omen" (left hand) {rN+, Range, Bglg}
   (You found it on level 2 of the Dungeon)

   [ring of positive energy]

   rN:        It protects you from negative energy.
   It has a curse which improves the following skills: Ranged Combat: Ranged
   Weapons and Throwing.
   Beguiling: Conjurations, Hexes and Translocations.
 Z - a ring of wizardry
Wands
 a - a wand of light (8)
 t - a wand of flame (20)
 A - a wand of paralysis (11)
 B - a wand of digging (4)
Scrolls
 d - 6 scrolls of teleportation {@r2}
 f - 2 scrolls of poison
 h - a scroll of noise
 r - a scroll of revelation
 v - a scroll of fog
 w - a scroll of enchant armour
 y - a scroll of fear
Potions
 b - 2 potions of might
 c - 2 potions of attraction
 e - 4 potions of brilliance
 j - 6 potions of enlightenment
 k - a potion of resistance
 l - 7 potions of curing {@q1}
 o - 2 potions of mutation
 q - 2 potions of invisibility
 s - a potion of magic
 u - 2 potions of haste {@q3}
 z - a potion of ambrosia

Dungeon Overview and Level Annotations

Branches:
Dungeon (10/15)            Temple (1/1) D:5            Lair (1/5) D:10
  Sewer (visited)          Bailey (visited)         Volcano (1/1)
    Orc: D:9-12

Altars:
Ashenzari
Cheibriados
Dithmenos
Elyvilon
Fedhas
Gozag
Hepliaklqana
Makhleb
Nemelex Xobeh
Okawaru
Qazlal
Ru
Uskayaw
Wu Jian
Zin
The Shining One

Shops:
D:5

* ..PP.≈ ♣♣.♣♣§≈#
~*
.P..PP§♣§§♣§≈≈#
**
,♣....§§§§§§≈§≈#
* ,.P♣P§§§§§§§§≈#
~~~
P...§§§§§§§§§# ~
~ ,.P..§§§§§§§§§#
~~~♣P.P..§§§§§○##
* ~≈≈PP.≈§§N§°○#
~ ≈≈≈§≈≈≈≈§b@##
** ≈≈≈≈≈≈§≈○§##
***~≈°≈≈≈°≈§≈##
#≈§○≈≈§≈##
#########


You could see a salamander and a fire bat.


Message History

* * * LOW HITPOINT WARNING * * *
You are engulfed in flames.
You resist.
* * * LOW HITPOINT WARNING * * *
Unknown command.
Unknown command.
Casting: Hailstorm (safe; 1% risk of failure)
Confirm with . or Enter, or press ? or * to list all spells.
Casting: Hailstorm (safe; 1% risk of failure)
Press: ? - help, Dir - look around, f - activate You feel a surge of power!
A cannonade of hail descends around you!
The hail pelts the salamander!
The salamander is frozen!
The salamander is lightly wounded.
* * * LOW HITPOINT WARNING * * *
The plant is engulfed in blazing flames.
A nearby plant withers and dies.
The fire bat closely misses you.
The salamander hits you from afar with a +0 halberd!
* * * LOW HITPOINT WARNING * * *
You are engulfed in flames.
You resist.
* * * LOW HITPOINT WARNING * * *
Unknown command.
Aiming: Throw Flame
Press: ? - help, Shift-Dir - straight line, f - fire bat
Aim: a fire bat (flame, lava, almost dead, 52% to hit)
The puff of flame hits the salamander.
The salamander completely resists.
The salamander is lightly wounded.
The plant is engulfed in blazing flames.
The plant begins to die.
The salamander hits you from afar with a +0 halberd!
You die...

Skill      XL: |  1  2  3  4  5  6  7  8  9 10 11 12 |
---------------+-------------------------------------+-----
Spellcasting   | 4 5 7 8 10 11 | 11.2
Conjurations   | 4 5 7 8 10 11 | 11.2
Hexes          | 4 5 7 8 10 11 | 11.2
Summonings     | 4 5 7 8 10 11 | 11.2
Necromancy     | 4 5 7 8 10 11 | 11.2
Translocations | 4 5 7 8 10 11 | 11.2
Transmutations | 4 5 7 8 10 11 | 11.2
Fire Magic     | 4 5 7 8 10 11 | 11.2
Ice Magic      | 4 5 7 8 10 11 | 11.2
Air Magic      | 4 5 7 8 10 11 | 11.2
Earth Magic    | 4 5 7 8 10 11 | 11.2
Poison Magic   | 4 5 7 8 10 11 | 11.2
Fighting       | 3 8 12 | 12.0
Dodging        | |  2.1
Stealth        | |  1.5

Action                     |  1- 3 |  4- 6 |  7- 9 | 10-12 || total
---------------------------+-------+-------+-------+-------++-------
  Melee: Unarmed           |     1 |       |       |       ||     1
         Staff             |       |       |    10 |     1 ||    11
   Cast: Foxfire           |    70 |    86 |   135 |   173 ||   464
         Scorch            |     6 |    12 |    34 |    74 ||   126
         Searing Ray       |       |    12 |    12 |    20 ||    44
         Slow              |       |     1 |       |     8 ||     9
         Inner Flame       |       |     1 |       |    21 ||    22
         Flame Wave        |       |       |     3 |    10 ||    13
         Hailstorm         |       |       |     4 |    11 ||    15
         Volatile Blastmot |       |       |       |     4 ||     4
         Animate Dead      |       |       |       |     4 ||     4
 Invoke: Curse Item        |       |       |     4 |     2 ||     6
  Evoke: Wand              |       |       |       |     4 ||     4
    Use: Scroll            |     4 |       |     5 |     1 ||    10
         Potion            |       |       |     2 |     1 ||     3
 Armour: Robe              |       |     1 |    10 |       ||    11
         Leather armour    |       |       |       |    21 ||    21
  Dodge: Dodged            |     5 |     5 |    16 |    44 ||    70

Levels and vault maps discovered:
D:1:      psy_arrival_radial02, layout_basic, serial_forest,
          infiniplex_forest_join, infiniplex_forest_lined_3,
          infiniplex_forest_end_double, infiniplex_forest_clump_tiny
D:2:      layout_loops_ring, dilly_ecumenical_altar_fadedgnrine
D:3:      layout_basic
D:4:      layout_cave_pools, minmay_quantized
D:5:      layout_basic, mainiacjoe_overflow_cross_hatched,
          minmay_temple_entry_grid, nicolae_shop_overcharged_wands
D:6:      layout_gridville, amcnicky_altar_gilded, portal_sewer_entry_b,
          uniq_eustachio, uniq_edmund, uniq_menkaure
D:7:      layout_gridville, nzn_hepliaklqana_mist_gate,
          mainiacjoe_overflow_catwalk, serial_glass, glass_columns_a,
          glass_columns_b
D:8:      minmay_ornate_pinched, layout_basic
D:9:      layout_big_octagon, kennysheep_generic_room_11
D:10:     layout_loops_corners, grunt_temple_overflow_open, erik_lair_island,
          enter_bailey_6
Temple:   hellmonk_temple_forest_ring
Lair:1:   layout_small_grid, enter_volcano_2, hibernation_bobbens,
          serial_bayou_shore_b, grunt_megastairs_1, infiniplex_staircase_pool,
          lemuel_fruit_fields, lemuel_fruit_fields
Volcano:  pf_volcano_lost_world

Notes
Turn   | Place    | Note
-------+----------+-------------------------------------------
     0 | D:1      | Reached skill level 3 in Spellcasting
     0 | D:1      | Reached skill level 3 in Conjurations
     0 | D:1      | Reached skill level 3 in Hexes
     0 | D:1      | Reached skill level 3 in Summonings
     0 | D:1      | Reached skill level 3 in Necromancy
     0 | D:1      | Reached skill level 3 in Translocations
     0 | D:1      | Reached skill level 3 in Transmutations
     0 | D:1      | Reached skill level 3 in Fire Magic
     0 | D:1      | Reached skill level 3 in Ice Magic
     0 | D:1      | Reached skill level 3 in Air Magic
     0 | D:1      | Reached skill level 3 in Earth Magic
     0 | D:1      | Reached skill level 3 in Poison Magic
     0 | D:1      | Drazool the Djinni Fire Elementalist began the quest for
                  | the Orb.
     0 | D:1      | Drazool set off with the following spells memorised:
                  | Foxfire, Scorch, Volatile Blastmotes, Inner Flame, Flame
                  | Wave.
     0 | D:1      | Reached XP level 1. HP: 15/15 MP: 0/0
   116 | D:1      | Reached XP level 2. HP: 18/21 MP: 0/0
   504 | D:1      | Reached XP level 3. HP: 18/25 MP: 0/0
   504 | D:1      | Learned a level 1 spell: Slow
  1360 | D:2      | Reached skill level 4 in Spellcasting
  1360 | D:2      | Reached skill level 4 in Conjurations
  1360 | D:2      | Reached skill level 4 in Hexes
  1360 | D:2      | Reached skill level 4 in Summonings
  1360 | D:2      | Reached skill level 4 in Necromancy
  1360 | D:2      | Reached skill level 4 in Translocations
  1360 | D:2      | Reached skill level 4 in Transmutations
  1360 | D:2      | Reached skill level 4 in Fire Magic
  1360 | D:2      | Reached skill level 4 in Ice Magic
  1360 | D:2      | Reached skill level 4 in Air Magic
  1360 | D:2      | Reached skill level 4 in Earth Magic
  1360 | D:2      | Reached skill level 4 in Poison Magic
  1360 | D:2      | Reached XP level 4. HP: 26/31 MP: 0/0
  1750 | D:2      | Found a faded altar of an unknown god.
  2257 | D:3      | Reached XP level 5. HP: 34/35 MP: 0/0
  2257 | D:3      | Learned a level 2 spell: Searing Ray
  3125 | D:4      | Reached skill level 5 in Spellcasting
  3125 | D:4      | Reached skill level 5 in Conjurations
  3125 | D:4      | Reached skill level 5 in Hexes
  3125 | D:4      | Reached skill level 5 in Summonings
  3125 | D:4      | Reached skill level 5 in Necromancy
  3125 | D:4      | Reached skill level 5 in Translocations
  3125 | D:4      | Reached skill level 5 in Transmutations
  3125 | D:4      | Reached skill level 5 in Fire Magic
  3125 | D:4      | Reached skill level 5 in Ice Magic
  3125 | D:4      | Reached skill level 5 in Air Magic
  3125 | D:4      | Reached skill level 5 in Earth Magic
  3125 | D:4      | Reached skill level 5 in Poison Magic
  3171 | D:4      | You are sucked into a shaft and drop 1 floor!
  3171 | D:5      | Entered Level 5 of the Dungeon
  3193 | D:5      | Reached XP level 6. HP: 34/40 MP: 0/0
  3344 | D:5      | Reached XP level 7. HP: 37/45 MP: 0/0
  3344 | D:5      | Learned a level 3 spell: Dazzling Flash
  3436 | D:5      | Found a staircase to the Ecumenical Temple.
  3443 | Temple   | Entered the Ecumenical Temple
  3498 | Temple   | Became a worshipper of Ashenzari the Shackled
  3567 | D:5      | Reached skill level 6 in Spellcasting
  3567 | D:5      | Reached skill level 6 in Conjurations
  3567 | D:5      | Reached skill level 6 in Hexes
  3567 | D:5      | Reached skill level 6 in Summonings
  3567 | D:5      | Reached skill level 6 in Necromancy
  3567 | D:5      | Reached skill level 6 in Translocations
  3567 | D:5      | Reached skill level 6 in Transmutations
  3567 | D:5      | Reached skill level 6 in Fire Magic
  3567 | D:5      | Reached skill level 6 in Ice Magic
  3567 | D:5      | Reached skill level 6 in Air Magic
  3567 | D:5      | Reached skill level 6 in Earth Magic
  3567 | D:5      | Reached skill level 6 in Poison Magic
  3922 | D:5      | Found Nest's Overcharged Wands.
  4340 | D:5      | Noticed a water moccasin
  4349 | D:5      | HP: 2/45 [water moccasin (4)]
  4353 | D:5      | Killed a water moccasin
  4555 | D:6      | Noticed a water moccasin
  4560 | D:6      | Killed a water moccasin
  4561 | D:6      | Reached skill level 7 in Spellcasting
  4561 | D:6      | Reached skill level 7 in Conjurations
  4561 | D:6      | Reached skill level 7 in Hexes
  4561 | D:6      | Reached skill level 7 in Summonings
  4561 | D:6      | Reached skill level 7 in Necromancy
  4561 | D:6      | Reached skill level 7 in Translocations
  4561 | D:6      | Reached skill level 7 in Transmutations
  4561 | D:6      | Reached skill level 7 in Fire Magic
  4561 | D:6      | Reached skill level 7 in Ice Magic
  4561 | D:6      | Reached skill level 7 in Air Magic
  4561 | D:6      | Reached skill level 7 in Earth Magic
  4561 | D:6      | Reached skill level 7 in Poison Magic
  4561 | D:6      | Reached XP level 8. HP: 37/50 MP: 0/0
  4602 | D:6      | Found a snail-covered altar of Cheibriados.
  4670 | D:6      | Noticed Eustachio
  4671 | D:6      | Noticed Edmund
  4675 | D:6      | Killed Eustachio
  4680 | D:6      | Killed Edmund
  4753 | D:6      | Reached skill level 8 in Spellcasting
  4753 | D:6      | Reached skill level 8 in Conjurations
  4753 | D:6      | Reached skill level 8 in Hexes
  4753 | D:6      | Reached skill level 8 in Summonings
  4753 | D:6      | Reached skill level 8 in Necromancy
  4753 | D:6      | Reached skill level 8 in Translocations
  4753 | D:6      | Reached skill level 8 in Transmutations
  4753 | D:6      | Reached skill level 8 in Fire Magic
  4753 | D:6      | Reached skill level 8 in Ice Magic
  4753 | D:6      | Reached skill level 8 in Air Magic
  4753 | D:6      | Reached skill level 8 in Earth Magic
  4753 | D:6      | Reached skill level 8 in Poison Magic
  4816 | D:6      | Found a glowing drain.
  4899 | Sewer    | Entered a sewer
  4910 | Sewer    | Reached skill level 1 in Fighting
  5154 | Sewer    | Reached skill level 2 in Fighting
  5634 | D:6      | Reached skill level 3 in Fighting
  5634 | D:6      | Reached XP level 9. HP: 57/62 MP: 0/0
  5634 | D:6      | Learned a level 3 spell: Hailstorm
  5712 | D:6      | Noticed Menkaure
  5716 | D:6      | Killed Menkaure
  5717 | D:6      | Reached skill level 4 in Fighting
  5717 | D:6      | Reached * piety under Ashenzari
  5717 | D:6      | Identified a potion of resistance
  5910 | D:6      | Reached skill level 5 in Fighting
  6181 | D:7      | Reached skill level 6 in Fighting
  6239 | D:7      | Reached ** piety under Ashenzari
  6392 | D:7      | Found a hazy altar of Hepliaklqana.
  6521 | D:7      | Reached *** piety under Ashenzari
  6648 | D:7      | Found a stormy altar of Qazlal.
  6922 | D:8      | Reached skill level 7 in Fighting
  6950 | D:8      | Noticed a two-headed ogre
  6961 | D:8      | Killed a two-headed ogre
  6962 | D:8      | Reached skill level 8 in Fighting
  6962 | D:8      | Reached XP level 10. HP: 73/80 MP: 0/0
  7014 | D:8      | Reached skill level 9 in Fighting
  7082 | D:8      | Noticed a centaur warrior
  7083 | D:8      | Noticed a two-headed ogre
  7374 | D:8      | Reached skill level 10 in Fighting
  7475 | D:8      | Killed a centaur warrior
  7625 | D:8      | Reached skill level 11 in Fighting
  8103 | D:8      | Killed a two-headed ogre
  8119 | D:8      | Reached skill level 12 in Fighting
  8212 | D:8      | Reached XP level 11. HP: 89/92 MP: 0/0
  8212 | D:8      | Learned a level 4 spell: Animate Dead
  8816 | D:9      | Reached **** piety under Ashenzari
  8902 | D:9      | Reached skill level 9 in Spellcasting
  8902 | D:9      | Reached skill level 9 in Conjurations
  8902 | D:9      | Reached skill level 9 in Hexes
  8902 | D:9      | Reached skill level 9 in Summonings
  8902 | D:9      | Reached skill level 9 in Necromancy
  8902 | D:9      | Reached skill level 9 in Translocations
  8902 | D:9      | Reached skill level 9 in Transmutations
  8902 | D:9      | Reached skill level 9 in Fire Magic
  8902 | D:9      | Reached skill level 9 in Ice Magic
  8902 | D:9      | Reached skill level 9 in Air Magic
  8902 | D:9      | Reached skill level 9 in Earth Magic
  8902 | D:9      | Reached skill level 9 in Poison Magic
  9308 | D:10     | Entered Level 10 of the Dungeon
  9383 | D:10     | Found a flagged portal.
  9392 | Bailey   | Entered a bailey
  9433 | Bailey   | Identified a +0 crystal plate armour
  9536 | Bailey   | Noticed Grum
  9548 | Bailey   | Killed Grum
  9779 | Bailey   | Reached skill level 10 in Spellcasting
  9779 | Bailey   | Reached skill level 10 in Conjurations
  9779 | Bailey   | Reached skill level 10 in Hexes
  9779 | Bailey   | Reached skill level 10 in Summonings
  9779 | Bailey   | Reached skill level 10 in Necromancy
  9779 | Bailey   | Reached skill level 10 in Translocations
  9779 | Bailey   | Reached skill level 10 in Transmutations
  9779 | Bailey   | Reached skill level 10 in Fire Magic
  9779 | Bailey   | Reached skill level 10 in Ice Magic
  9779 | Bailey   | Reached skill level 10 in Air Magic
  9779 | Bailey   | Reached skill level 10 in Earth Magic
  9779 | Bailey   | Reached skill level 10 in Poison Magic
 10160 | D:10     | Upgraded the game from 0.31-a0-210-gccc998df9b to
                  | 0.31-a0-229-g1fc7ce93e2
 10334 | D:10     | Found a blossoming altar of Fedhas.
 10335 | D:10     | Found a burning altar of Makhleb.
 10335 | D:10     | Found a hide-covered altar of Uskayaw.
 10382 | D:10     | Found a shadowy altar of Dithmenos.
 10556 | D:10     | Found a staircase to the Lair.
 11260 | Lair:1   | Entered Level 1 of the Lair of Beasts
 11261 | Lair:1   | Identified the Verses on Weathered Death
 11266 | Lair:1   | Found a dark tunnel.
 11273 | Volcano  | Entered a volcano
 11293 | Volcano  | Noticed a two-headed ogre
 11304 | Volcano  | Killed a two-headed ogre
 11305 | Volcano  | Reached XP level 12. HP: 61/101 MP: 0/0
 11437 | Volcano  | Noticed a two-headed ogre
 11462 | Volcano  | Killed a two-headed ogre
 11463 | Volcano  | Reached skill level 11 in Spellcasting
 11463 | Volcano  | Reached skill level 11 in Conjurations
 11463 | Volcano  | Reached skill level 11 in Hexes
 11463 | Volcano  | Reached skill level 11 in Summonings
 11463 | Volcano  | Reached skill level 11 in Necromancy
 11463 | Volcano  | Reached skill level 11 in Translocations
 11463 | Volcano  | Reached skill level 11 in Transmutations
 11463 | Volcano  | Reached skill level 11 in Fire Magic
 11463 | Volcano  | Reached skill level 11 in Ice Magic
 11463 | Volcano  | Reached skill level 11 in Air Magic
 11463 | Volcano  | Reached skill level 11 in Earth Magic
 11463 | Volcano  | Reached skill level 11 in Poison Magic
 11464 | Volcano  | HP: 9/101 [salamander/+0 halberd (5)]
 11465 | Volcano  | Mangled by a salamander

Vanquished Creatures
  4 two-headed ogres
  A centaur warrior (D:8)
  A gargoyle (D:9)
  2 komodo dragons (Volcano)
  A troll (D:10)
  A hornet (D:9)
  9 yaks
  A wyvern (Volcano)
  A wraith (D:9)
  Eustachio (D:6)
  Grum (Bailey)
  A steam dragon (D:8)
  A vampire mosquito (D:8)
  Menkaure (D:6)
  Edmund (D:6)
  5 water moccasins
  2 orc warriors (D:8)
  2 sky beasts (D:7)
  9 wolves
  An ogre (Volcano)
  4 centaurs
  A phantom (D:6)
  7 bullfrogs
  A komodo dragon zombie (Volcano)
  A kobold brigand (Sewer)
  A scorpion (D:7)
  7 gnoll sergeants
  4 wights (D:8)
  19 killer bees
  A howler monkey (D:8)
  2 jellies
  3 electric eels (D:10)
  6 gnoll boudas (Bailey)
  11 hounds
  2 orc priests (D:9)
  3 iguanas
  6 orc wizards
  24 gnolls
  4 river rats
  18 adders
  A shadow imp (D:6)
  A white imp (D:6)
  5 worms
  3 dart slugs
  19 orcs
  8 bats
  8 endoplasms
  5 giant cockroaches
  3 goblins
  4 hobgoblins
  4 jackals (Sewer)
  9 kobolds
  3 quokkas
  12 ball pythons
  5 frilled lizards
  10 rats
271 creatures vanquished.

Vanquished Creatures (collateral kills)
  27 foxfires
27 creatures vanquished.

Vanquished Creatures (others)
  A wyvern zombie (Volcano)
  2 wolf zombies (D:10)
  4 hound zombies (D:10)
  4 orc zombies (D:10)
  771 foxfires
782 creatures vanquished.

Grand Total: 1080 creatures vanquished

Table legend: (Time is in decaauts)
 A = Elapsed time spent in this place.
 B = Non-inter-level travel time spent in this place.
 C = Inter-level travel time spent in this place.
 D = Time resting spent in this place.
 E = Time spent auto-exploring this place.
 F = Levels seen in this place.
 G = Mean time per level.
                   A        B        C        D        E       F      G
               +--------+--------+--------+--------+--------+-----+--------+
         Total |  11483 |  11108 |    375 |    888 |   8236 |  15 |  765.5 |
       Dungeon |   9747 |   9403 |    344 |    682 |   7295 |  10 |  974.7 |
        Temple |     63 |     33 |     30 |      0 |     26 |   1 |   63.0 |
          Lair |     12 |     12 |      0 |      0 |      0 |   1 |   12.0 |
         Sewer |    695 |    695 |      0 |      0 |    485 |   1 |  695.0 |
        Bailey |    766 |    766 |      0 |     95 |    397 |   1 |  766.0 |
       Volcano |    197 |    197 |      0 |    111 |     33 |   1 |  197.0 |
               +--------+--------+--------+--------+--------+-----+--------+

Top non-repeatable levels by time:
     D:8: 1414 daAuts
     D:5: 1315 daAuts
    D:10: 1188 daAuts
     D:1: 1153 daAuts
     D:7: 975 daAuts
     D:3: 955 daAuts
     D:2: 938 daAuts
     D:9: 852 daAuts
     D:6: 831 daAuts
  Bailey: 766 daAuts
   Sewer: 695 daAuts
 Volcano: 197 daAuts
     D:4: 122 daAuts
  Temple: 63 daAuts
  Lair:1: 12 daAuts

Table legend:
 A = Non-vault XP
 B = Vault XP
 C = Vault XP percentage of total XP
 D = Non-vault monster count
 E = Vault monster count
 F = Vault count percentage of total count
                 A         B        C        D         E       F
            +---------+---------+-------+---------+---------+-------
      Total |    7782 |    9615 |  55.3 |     177 |      93 |  34.4
            +---------+---------+-------+---------+---------+-------
        D:1 |      40 |       0 |   0.0 |      23 |       0 |   0.0
        D:2 |      91 |       0 |   0.0 |      22 |       0 |   0.0
        D:3 |      83 |       0 |   0.0 |      18 |       0 |   0.0
        D:4 |      47 |       0 |   0.0 |       4 |       0 |   0.0
        D:5 |     680 |       0 |   0.0 |      22 |       0 |   0.0
        D:6 |     886 |     562 |  38.8 |      18 |       9 |  33.3
        D:7 |     481 |       0 |   0.0 |      12 |       0 |   0.0
        D:8 |    1561 |    3314 |  68.0 |      21 |      11 |  34.4
        D:9 |    2532 |      59 |   2.3 |      18 |       1 |   5.3
       D:10 |    1381 |     720 |  34.3 |      19 |       7 |  26.9
      Sewer |       0 |     210 | 100.0 |       0 |      25 | 100.0
     Bailey |       0 |    2034 | 100.0 |       0 |      34 | 100.0
    Volcano |       0 |    2716 | 100.0 |       0 |       6 | 100.0
            +---------+---------+-------+---------+---------+-------
